 Dungeon Sprint DCSS version 0.22.1-2-g9c5b331 (webtiles) character file.

12275 diana the Grappler (level 11, -9/120 HPs)
             Began as a Troll Hunter on Dec 23, 2018.
             Was a High Priest of Okawaru.
             Mangled by a spriggan defender
             ... wielding a +0 dagger
              (16 damage)
             ... in the Dungeon (Sprint III: "The Ten Rune Challenge").
             The game lasted 00:10:00 (1716 turns).

diana the Grappler (Troll Hunter)                   Turns: 1716, Time: 00:10:00

Health: -9/120     AC: 10    Str: 25    XL:     11   Next: 60%
Magic:  8/15       EV: 17    Int:  7    God:    Okawaru [*****.]
Gold:   5035       SH:  0    Dex: 10    Spells: 10/10 levels left

rFire    . . .     SeeInvis .     - Unarmed
rCold    . . .     Gourm    +   (no shield)
rNeg     . . .     Faith    .   b - +0 robe
rPois    .         Spirit   .   (helmet restricted)
rElec    .         Reflect  .   l - +0 cloak
rCorr    .         Harm     .   (gloves unavailable)
MR       .....     NoTele   +   (boots unavailable)
Stlth    +++.......             (no amulet)
HPRegen  0.70/turn              (no ring)
MPRegen  0.14/turn              (no ring)

@: heroism, finesse
A: large, unfitting armour, beak, claws 3, slimy green scales 1, blink, fast
metabolism 3, gourmand, regeneration 1, shaggy fur 1, tough skin 2, wild magic
1, evolution 1
a: Blink, Heroism, Finesse, Renounce Religion


You were in the Dungeon.
You worshipped Okawaru.
Okawaru was extremely pleased with you.
You were full.

You visited 1 branch You collected 5035 gold pieces.

Inventory:

Hand Weapons
 v - a +0 blowgun
Missiles
 c - 5 large rocks (quivered)
 d - 2 throwing nets
 g - 7 exploding tomahawks
 s - 8 tomahawks of returning
 w - 7 curare-tipped needles
Armour
 b - a +0 robe (worn)
 j - a scarf of spirit shield
 l - a +0 cloak (worn)
Scrolls
 k - a scroll of blinking
 n - a scroll of immolation {unknown}
 o - 3 scrolls of amnesia
 p - 2 scrolls of remove curse
 r - a scroll of torment {unknown}
Potions
 a - a potion of brilliance {unknown}
 h - a potion of haste
 i - 2 potions of magic
 m - 2 potions of mutation
 q - a potion of agility {unknown}
 t - 2 potions of flight
Miscellaneous
 u - a fan of gales
Comestibles
 f - 17 rations


   Skills:
 + Level 11.1(16.1) Fighting
 + Level 12.2(17.2) Throwing
 + Level 10.7(15.7) Armour
 + Level 11.0(16.0) Dodging
 - Level 0.3(5.3) Stealth
 + Level 12.6(17.6) Unarmed Combat
 - Level 7.0 Invocations


You had 10 spell levels left.
You didn't know any spells.
Your spell library contained the following spells:

 Spells                   Type           Power        Failure   Level  Hunger
 Magic Dart               Conj           #...         52%         1    ##.....
 Blink                    Tloc           N/A          65%         2    ###....
 Call Imp                 Summ           #.......     65%         2    ###....
 Slow                     Hex            #.......     65%         2    ###....
 Conjure Flame            Conj/Fire      #.......     86%         3    ####...
 Mephitic Cloud           Conj/Pois/Air  #.......     86%         3    ####...


Dungeon Overview and Level Annotations

Branches:
Dungeon (1/1)

Altars:
Cheibriados
Dithmenos
Elyvilon
Fedhas
Gozag
Hepliaklqana
Kikubaaqudgha
Makhleb
Nemelex Xobeh
Okawaru
Qazlal
Ru
Sif Muna
Trog
Uskayaw
Vehumet
Wu Jian
Xom
Yredelemnul
Zin
The Shining One
Beogh
Jiyva
Lugonu

Shops:
D (

Annotations:
D exclusion: orange crystal statue


Innate Abilities, Weirdness & Mutations

You are too large for most types of armour.
You have claws for hands.
Your metabolism is lightning-fast.
You like to eat raw meat.
Your natural rate of healing is unusually fast.
You are covered in fur. (AC +1)
You have very tough skin. (AC +2)
You have a beak for a mouth.
You are partially covered in slimy green scales. (AC +2)
You can translocate small distances at will.
Your spells are a little harder to cast, but a little more powerful.
You evolve.


Message History

The large rock barely misses the spriggan defender. x2
The large rock hits the plant but does no damage.
The spriggan defender hits you with a dagger!
* * * LOW HITPOINT WARNING * * *
You feel better.
The spriggan defender hits you but does no damage.
The spriggan defender hits you with a dagger.
* * * LOW HITPOINT WARNING * * *
You can now deal lightning-fast blows.
The spriggan defender misses you.
The spriggan defender hits you with a dagger!
* * * LOW HITPOINT WARNING * * *
Unknown command.
Okay, then.
You feel better.
The spriggan defender completely misses you.
You claw the spriggan defender! Your peck misses the spriggan defender.
The spriggan defender is moderately wounded.
The spriggan defender hits you with a dagger!
You die...

#'#####
#.....+
#.#########
#.#%PP.....
#.#PP.....#
#.#i....#
#.#ii.# #8
#.#i###...
#.#@#§§...
#.#..§§§§§
#.#...§§§.#
#.......§.#
#########.#


You could see 4 spriggan defenders.

Vanquished Creatures
  Sigmund (D)
  A centaur warrior (D)
  Erica (D)
  3 orc high priests (D)
  2 unseen horrors (D)
  A deep elf mage (D)
  2 orc sorcerers (D)
  Edmund (D)
  A queen bee (D)
  3 wandering mushrooms (D)
  A shadow (D)
  A spatial vortex (D)
  3 orc warriors (D)
  A necrophage (D)
  2 centaurs (D)
  An earth elemental (D)
  A water elemental (D)
  32 killer bees (D)
  5 orc priests (D)
  A jelly (D)
  Crazy Yiuf (D)
  A wizard (D)
  Jessica (D)
  A necromancer (D)
  3 humans (D)
  A kobold demonologist (D)
  An ooze (D)
  9 orcs (D)
  A rat (D)
83 creatures vanquished.

Vanquished Creatures (others)
  2 draconian scorchers (D)
  6 hellions (D)
  2 yaktaurs (D)
  8 plants (D)
18 creatures vanquished.

Grand Total: 101 creatures vanquished

Notes
Turn   | Place    | Note
-------+----------+-------------------------------------------
     0 | D        | diana the Troll Hunter began the quest for the Orb.
     0 | D        | Reached XP level 1. HP: 19/19 MP: 0/0
     7 | D        | Reached skill level 1 in Unarmed Combat
    11 | D        | Reached skill level 1 in Armour
    16 | D        | Killed a yaktaur
    19 | D        | Noticed Jessica
    25 | D        | Killed Jessica
    25 | D        | Reached XP level 2. HP: 29/29 MP: 1/1
    25 | D        | Reached XP level 3. HP: 36/36 MP: 2/2
    39 | D        | Noticed Crazy Yiuf
    40 | D        | Killed Crazy Yiuf
    51 | D        | Reached XP level 4. HP: 35/45 MP: 3/3
    90 | D        | Gained mutation: You are frail. (-10% HP) [potion of
                  | mutation]
    90 | D        | Gained mutation: Your body sometimes deteriorates upon
                  | taking damage. [potion of mutation]
    90 | D        | Gained mutation: You are clumsy. (Dex -2) [potion of
                  | mutation]
    90 | D        | Lost mutation: You are frail. (-10% HP) [potion of
                  | mutation]
    91 | D        | Lost mutation: You are clumsy. (Dex -2) [potion of
                  | mutation]
    91 | D        | Lost mutation: Your body sometimes deteriorates upon taking
                  | damage. [potion of mutation]
    91 | D        | Gained mutation: Scrolls take you a little longer to read.
                  | [potion of mutation]
    91 | D        | Gained mutation: You have a beak for a mouth. [potion of
                  | mutation]
    92 | D        | Lost mutation: Scrolls take you a little longer to read.
                  | [potion of mutation]
    92 | D        | Gained mutation: Your spells are a little harder to cast,
                  | but a little more powerful. [potion of mutation]
    92 | D        | Gained mutation: You are partially covered in slimy green
                  | scales. (AC +2) [potion of mutation]
    92 | D        | Gained mutation: You can translocate small distances at
                  | will. [potion of mutation]
    92 | D        | Gained mutation: You evolve. [potion of mutation]
    97 | D        | Killed a hellion
    97 | D        | Killed a hellion
   138 | D        | Noticed a water elemental
   139 | D        | Killed a water elemental
   139 | D        | Reached skill level 5 in Throwing
   144 | D        | Killed a hellion
   146 | D        | Killed a white draconian scorcher
   147 | D        | Found a hide-covered altar of Uskayaw.
   147 | D        | Found a roughly hewn altar of Beogh.
   147 | D        | Found an iron altar of Okawaru.
   147 | D        | Found a bloodstained altar of Trog.
   147 | D        | Found an ornate altar of the Wu Jian Council.
   147 | D        | Noticed a human
   147 | D        | Noticed a human
   151 | D        | Killed a hellion
   151 | D        | Found a glowing silver altar of Zin.
   151 | D        | Killed a hellion
   154 | D        | Noticed a deep elf mage
   166 | D        | Killed a human
   166 | D        | Reached skill level 5 in Unarmed Combat
   166 | D        | Reached XP level 5. HP: 30/55 MP: 4/4
   166 | D        | Reached XP level 6. HP: 36/65 MP: 5/5
   169 | D        | Killed a deep elf mage
   169 | D        | Reached skill level 5 in Armour
   169 | D        | Reached XP level 7. HP: 43/75 MP: 6/6
   172 | D        | Killed a human
   189 | D        | Killed a white draconian scorcher
   209 | D        | Found a glowing golden altar of the Shining One.
   209 | D        | Found a white marble altar of Elyvilon.
   218 | D        | Became a worshipper of Warmaster Okawaru
   235 | D        | Killed a hellion
   299 | D        | Found a radiant altar of Vehumet.
   300 | D        | Found a deep blue altar of Sif Muna.
   300 | D        | Found an ancient bone altar of Kikubaaqudgha.
   305 | D        | Noticed a red devil
   331 | D        | Found a basalt altar of Yredelemnul.
   331 | D        | Found a shadowy altar of Dithmenos.
   331 | D        | Found a sacrificial altar of Ru.
   337 | D        | Reached XP level 8. HP: 75/83 MP: 7/7
   419 | D        | Reached skill level 1 in Invocations
   434 | D        | Found a blossoming altar of Fedhas.
   434 | D        | Found a stormy altar of Qazlal.
   434 | D        | Found a snail-covered altar of Cheibriados.
   434 | D        | Found a burning altar of Makhleb.
   434 | D        | Found a shimmering altar of Xom.
   435 | D        | Found a hazy altar of Hepliaklqana.
   435 | D        | Found an opulent altar of Gozag.
   435 | D        | Found a sparkling altar of Nemelex Xobeh.
   435 | D        | Found a corrupted altar of Lugonu.
   435 | D        | Found a viscous altar of Jiyva.
   498 | D        | Noticed Erica
   503 | D        | Killed Erica
   503 | D        | Reached * piety under Okawaru
   532 | D        | Reached XP level 9. HP: 28/94 MP: 7/10
   641 | D        | Noticed a centaur warrior
   651 | D        | Killed a centaur warrior
   651 | D        | Reached ** piety under Okawaru
   651 | D        | Reached skill level 5 in Invocations
   744 | D        | Noticed an orc sorcerer
   746 | D        | Noticed a soul eater
   756 | D        | Noticed an orc sorcerer
   758 | D        | Killed an orc sorcerer
   758 | D        | Reached *** piety under Okawaru
   768 | D        | Received a gift from Okawaru
   773 | D        | Noticed an orc high priest
   774 | D        | Killed an orc sorcerer
   774 | D        | Reached skill level 10 in Throwing
   774 | D        | Reached skill level 10 in Unarmed Combat
   774 | D        | Reached XP level 10. HP: 56/106 MP: 11/13
   790 | D        | Killed an orc high priest
   790 | D        | Received a gift from Okawaru
   790 | D        | Reached **** piety under Okawaru
   800 | D        | Noticed an orc high priest
   814 | D        | Killed an orc high priest
   844 | D        | Found Alyatz's Weapon Shoppe.
   989 | D        | Killed an unseen horror
  1130 | D        | Killed an unseen horror
  1206 | D        | Received a gift from Okawaru
  1272 | D        | Reached ***** piety under Okawaru
  1272 | D        | Reached skill level 10 in Fighting
  1292 | D        | Received a gift from Okawaru
  1293 | D        | Reached skill level 10 in Dodging
  1305 | D        | Reached XP level 11. HP: 76/117 MP: 15/15
  1452 | D        | Noticed Sigmund
  1452 | D        | Noticed Edmund
  1461 | D        | Killed Sigmund
  1461 | D        | Received a gift from Okawaru
  1461 | D        | Reached skill level 10 in Armour
  1469 | D        | Killed Edmund
  1570 | D        | Noticed a yaktaur captain
  1697 | D        | Noticed an orange crystal statue
  1714 | D        | HP: 1/120 [spriggan defender/dagger (15)]
  1716 | D        | Mangled by a spriggan defender

Skill      XL: |  1  2  3  4  5  6  7  8  9 10 11 |
---------------+----------------------------------+-----
Fighting       | 2 3 4 6 7 8 10 11 | 11.1
Dodging        | 2 3 4 6 7 8 10 11 | 11.0
Unarmed Combat | 2 3 5 7 9 10 11 12 | 12.6
Armour         | 2 4 5 6 7 8 9 10 | 10.7
Throwing       | 4 6 7 8 9 10 11 12 | 12.2
Invocations    | 3 6 7 |  7.0
Stealth        | |  0.3

Action                   |  1- 3 |  4- 6 |  7- 9 | 10-12 || total
-------------------------+-------+-------+-------+-------++-------
Melee: Unarmed           |    16 |    12 |    60 |   147 ||   235
       Peck              |       |     3 |    16 |    20 ||    39
       Punch             |       |       |     3 |     3 ||     6
Throw: Large rock        |     5 |     5 |    14 |     6 ||    30
       Throwing net      |       |       |       |     1 ||     1
Invok: Heroism           |       |       |     4 |     8 ||    12
       Finesse           |       |       |       |     1 ||     1
  Use: Potion            |       |     4 |     1 |     2 ||     7
       Scroll            |       |       |       |     2 ||     2
 Stab: Sleeping          |     2 |       |       |       ||     2
  Eat: Chunk             |     1 |       |     9 |     8 ||    18
Armor: Robe              |     3 |     1 |     5 |    51 ||    60
Dodge: Dodged            |     6 |    12 |    29 |    71 ||   118
